 Dungeon Crawl Stone Soup version 0.29.0-4-gdea44cf6ec (webtiles) character file.

Game seed: 14949034366651223491

36 qw the Chopper (level 3, 0/21 HPs)
             Began as a Tengu Warper on Aug 28, 2022.
             Succumbed to an adder's poison
             ... on level 1 of the Dungeon.
             The game lasted 00:00:06 (1084 turns).

qw the Chopper (Tengu Warper)                       Turns: 1084, Time: 00:00:06

Health: 0/21       AC:  3    Str: 13    XL:     3   Next: 37%
Magic:  7/7        EV: 12    Int: 13    God:
Gold:   42         SH:  0    Dex: 13    Spells: 6/6 levels left

rFire   . . .      SeeInvis .   a - +0 hand axe
rCold   . . .      Faith    .   (no shield)
rNeg    . . .      Spirit   .   b - +0 leather armour
rPois   .          Reflect  .   (helmet restricted)
rElec   .          Harm     .   (no cloak)
rCorr   .          Rampage  .   (no gloves)
Will    .....                   (boots unavailable)
Stlth   +.........              (no amulet)
HPRegen 0.07/turn               (no ring)
MPRegen 0.10/turn               (no ring)

@: lethally poisoned (0 -> -1)
A: beak, talons 3
a: no special abilities


You were on level 1 of the Dungeon.
You visited 1 branch of the dungeon, and saw 2 of its levels.

You collected 42 gold pieces.


Innate Abilities, Weirdness & Mutations

You have a beak for a mouth.
You have claws for feet.


   Skills:
 - Level 2.0 Fighting
 + Level 4.1 Axes
 - Level 1.0 Throwing
 - Level 1.1 Armour
 - Level 2.1 Dodging
 - Level 2.0 Spellcasting
 - Level 2.4 Translocations


You had 6 spell levels left.
You didn't know any spells.
Your spell library contained the following spells:

 Spells                   Type           Power      Damage    Failure   Level
 Blink                    Tloc           14%        N/A       19%         2
 Gell's Gravitas          Tloc           7%         N/A       36%         3
 Lesser Beckoning         Tloc           7%         N/A       36%         3
 Teleport Other           Tloc           7%         N/A       36%         3
 Manifold Assault         Tloc           7%         N/A       98%         5

Inventory:

Hand Weapons
 a - a +0 hand axe (weapon)
 f - a +0 club
Armour
 b - a +0 leather armour (worn)
Potions
 d - a potion of ambrosia {unknown}
 e - a potion of invisibility {unknown}
 g - a potion of brilliance {unknown}
 h - a potion of curing {unknown}
 i - a potion of heal wounds {unknown}
 j - a potion of mutation {unknown}

Dungeon Overview and Level Annotations

Branches:
Dungeon (2/15)

Altars:

Annotations:
D:2 Robin


Message History

Done exploring.
(D) Dungeon
Where to? (* - list waypoints, Enter - D:2, ? - help)
What level of the Dungeon? (default 1, ? - help)
You climb downwards.
Level annotation: Robin The adder bites you.
You are poisoned.
The adder poisons you! The adder bites you.
A goblin comes into view. It is wielding a +0 club.
The goblin hits you with a +0 club.
There is a stone staircase leading up, spattered with blood here.
1078 ||| STAIRDANCE You feel sick.
The adder bites you but does no damage. The goblin hits you with a +0 club.
The adder bites you.
You are lethally poisoned!
The adder poisons you!
You climb upwards.
You feel very sick.
There is a stone staircase leading down here.
You hit the adder. Your kick misses the adder.
The adder is heavily wounded.
You barely miss the goblin.
You feel sick. The goblin hits you but does no damage.
The adder closely misses you.
You hit the adder but do no damage. You claw the adder, but do no damage.
You peck the adder. Your punch misses the adder.
The adder is almost dead.
You closely miss the goblin.
You feel sick. The adder barely misses you. The goblin barely misses you.
You hit the adder.
You kill the adder!
You hit the goblin.
You kill the goblin!
You feel sick.
Your Axes skill increases to level 4!
There is a lethal amount of poison in your body!
You feel sick.
There is a lethal amount of poison in your body!
You die...

....#####....########...#....#
...............#.............#
...............#.........#...#
...............#.........#...#
...............).............#
####.........................####
#.............................
#...........).)...............
#########....@)...##......)...
###.....)#####..........
#........# #...##..... #........#
#...##.)... #.......##
######..... #.......# #.....
#.......# #..... #.......# #.....
######### #.....


There were no monsters in sight!

Vanquished Creatures
  An adder (D:1)
  A dart slug (D:1)
  An endoplasm (D:1)
  A giant cockroach (D:1)
  8 goblins (D:1)
  2 jackals (D:1)
  3 kobolds (D:1)
  A quokka (D:1)
  2 bats (D:1)
  3 rats (D:1)
23 creatures vanquished.

Notes
Turn   | Place    | Note
-------+----------+-------------------------------------------
     0 | D:1      | qw the Tengu Warper began the quest for the Orb.
     0 | D:1      | Reached XP level 1. HP: 12/12 MP: 4/4
     0 | D:1      | 0 ||| qw: Version: 0.1-a-89-g26bdef1
     0 | D:1      | 0 ||| qw: Game counter: 738
     0 | D:1      | 0 ||| qw: Always use a shield: true
     0 | D:1      | 0 ||| qw: God list: Okawaru
     0 | D:1      | 0 ||| qw: Allow faded altars: false
     0 | D:1      | 0 ||| qw: Do Orc after D:15 true
     0 | D:1      | 0 ||| qw: Do second Lair branch before Depths: true
     0 | D:1      | 0 ||| qw: Lair rune preference: random
     0 | D:1      | 0 ||| qw: Plans: Normal
     0 | D:1      | 0 ||| PLANNING D:1-11
   107 | D:1      | 107 ||| Stepping ~*~*~tactically~*~*~ (stealth).
   135 | D:1      | Reached XP level 2. HP: 17/17 MP: 6/6
   148 | D:1      | Reached skill level 3 in Axes
   162 | D:1      | Found a faded altar of an unknown god.
   198 | D:1      | 198 ||| Stepping ~*~*~tactically~*~*~ (stealth).
   989 | D:1      | 989 ||| DROPPING scroll of blinking.
  1030 | D:2      | 1030 ||| STAIRDANCE
  1036 | D:2      | 1036 ||| STAIRDANCE
  1041 | D:1      | Reached XP level 3. HP: 18/21 MP: 7/7
  1073 | D:2      | 1073 ||| STAIRDANCE
  1073 | D:2      | Noticed Robin
  1078 | D:2      | 1078 ||| STAIRDANCE
  1079 | D:1      | HP: 5/21 [poisoned by an adder]
  1081 | D:1      | HP: 2/21 [poisoned by an adder]
  1083 | D:1      | Reached skill level 4 in Axes
  1084 | D:1      | Succumbed to an adder's poison

Levels and vault maps discovered:
D:1:      lightli_arrival_quake, layout_basic, basic_ecumenical_altar
D:2:      layout_loops_cross, serial_shops, shop, supply_closet_lemuel,
          st_stairs_5, minmay_misc_feat_doors,
          amcnicky_mini_rare_corridor_liquid, ebering_dispersal_statue_hall,
          uniq_natasha, uniq_robin

Skill      XL: |  1  2  3 |
---------------+----------+-----
Axes           | 3 4 |  4.1
Fighting       | |  2.0
Throwing       | |  1.0
Armour         | |  1.1
Dodging        | |  2.1
Spellcasting   | |  2.0
Translocations | |  2.4

Action                   || total
-------------------------++-------
Melee: Hand axe          ||    50
       Kick              ||     7
       Peck              ||     5
Throw: Boomerang         ||     7
Armor: Leather armour    ||    18
Dodge: Dodged            ||    27

Table legend:
 A = Non-vault XP
 B = Vault XP
 C = Vault XP percentage of total XP
 D = Non-vault monster count
 E = Vault monster count
 F = Vault count percentage of total count
                 A         B        C        D         E       F
            +---------+---------+-------+---------+---------+-------
      Total |      45 |       7 |  13.5 |      19 |       4 |  17.4
            +---------+---------+-------+---------+---------+-------
        D:1 |      45 |       7 |  13.5 |      19 |       4 |  17.4
            +---------+---------+-------+---------+---------+-------
